AoeStats
← aDT_The Night Panda

Four Lakes

503443905Analyzed
3v3 RM · 1mo ago on Aug 31, 2026· 18m 7s· 6 players
Game mode
Random Map
Map size
Normal (6 player)
Population
200
Speed
Normal
Resources
Standard
Victory
Conquest
Starting age
Dark Age
Ending age
Imperial Age
RankedLock teamsTeams togetherTeam positionsShared explorationLock speedFull tech treeHidden civsTurbo modeCheats
Victory
Defeat
🇩🇰 Wei · Denmark
1701
+12
🇩🇰 Persians · Denmark
1694
+12
🇩🇰 Malay · Denmark
1691
+12
🇧🇴 Poles · Bolivia
1691
-16
🇦🇷 Franks · Argentina
1682
-15
🇳🇿 Celts · New Zealand
1431
-6
DK | MF
7:53 Loom
10:02 Feudal Age
14:36 Castle Age
13:43 Scale Barding Armor
17:16 Husbandry
17:27 Forging
17:26 Fishing Lines
18:24 Double-Bit Axe
DK | Mauseren
7:52 Loom
10:29 Feudal Age
11:24 Double-Bit Axe
aDT_The Night Panda
11:47 Feudal Age
10:05 Loom
15:21 Castle Age
13:49 Scale Barding Armor
14:37 Double-Bit Axe
15:57 Forging
16:08 Bow Saw
16:12 Town Watch
17:05 Fishing Lines
17:30 Husbandry
Benjaiper
6:24 Loom
9:26 Feudal Age
10:01 Double-Bit Axe
18:38 Castle Age
17:34 Gold Mining
Joaquin12
6:34 Loom
9:39 Feudal Age
12:17 Fletching
15:38 Forging
Manuel hormigaiper
10:06 Feudal Age
11:11 Loom
11:14 Loom
12:14 Double-Bit Axe
13:38 Fletching
14:19 Horse Collar
16:13 Town Watch
Connection lost

Rejoining the realm…

Still unreachable

The connection could not be restored.

Session expired

The server has moved on; the page needs a fresh start.